 Dungeon Crawl Stone Soup version 0.31-a0-217-g58bb5d79cf (webtiles) character file.

Game seed: 8362608758776950926

49 qw the Shooter (level 3, -2/29 HPs)
             Began as a Minotaur Hexslinger on July 2, 2023.
             Slain by Sigmund
             ... wielding a +0 scythe
              (10 damage)
             ... on level 2 of the Dungeon.
             The game lasted 00:00:23 (857 turns).

qw the Shooter (Minotaur Hexslinger)                 Turns: 857, Time: 00:00:23

Health: -2/29      AC:  3    Str: 12    XL:     3   Next: 51%
Magic:  3/3        EV: 12    Int: 10    God:
Gold:   64         SH:  0    Dex: 14    Spells: 3/4 levels left

rFire   . . .        Y - +1 sling
rCold   . . .        (no shield)
rNeg    . . .        i - +0 leather armour
rPois   .            (helmet restricted)
rElec   .            (no cloak)
rCorr   .            (no gloves)
SInv    .            (no boots)
Will    .....        (no amulet)
Stlth   +            (no ring)
HPRegen 0.24/turn    (no ring)
MPRegen 0.08/turn

%: no passive effects
@: no status effects
A: horns 2, retaliatory headbutt
a: no special abilities


You were on level 2 of the Dungeon.
You visited 1 branch of the dungeon, and saw 2 of its levels.

You collected 64 gold pieces.


Innate Abilities, Weirdness & Mutations

You have a pair of horns on your head.
You reflexively headbutt those who attack you in melee.


   Skills:
 - Level 2.0 Fighting
 + Level 4.1 Ranged Weapons
 - Level 2.1 Dodging
 - Level 1.0 Spellcasting
 - Level 2.0 Hexes


You had 3 spell levels left.
You knew the following spells:

 Your Spells              Type           Power      Damage    Failure   Level
a - Slow                  Hex            16%        N/A       19%         1

Your spell library contained the following spells:

 Spells                   Type           Power      Damage    Failure   Level
 Inner Flame              Hex/Fire       2%         N/A       65%         3
 Portal Projectile        Hex/Tloc       4%         N/A       65%         3
 Cause Fear               Hex            2%         N/A       88%         4

Inventory:

Hand Weapons
 Y - a +1 sling (weapon)
Armour
 e - a +0 pair of boots
 i - a +0 leather armour (worn)
Jewellery
 d - an amulet of guardian spirit
Scrolls
 c - 2 scrolls of teleportation {unknown}
Potions
 a - a potion of lignification {unknown}
 b - a potion of resistance {unknown}
 f - a potion of curing {unknown}
 g - a potion of haste {unknown}
 h - a potion of enlightenment {unknown}
 j - 2 potions of heal wounds {unknown}

Dungeon Overview and Level Annotations

Branches:
Dungeon (2/15)

Altars:

Annotations:
D:2 Sigmund


Message History

Enter note:
Enter note:
Found a stone staircase leading down.
Enter note:
Enter note:
Enter note:
Enter note:
Enter note:
Enter note: Sigmund and a hobgoblin come into view.
Found a ring mail.
You see here an emerald potion.
Enter note:
Enter note:
Enter note:
Enter note:
Enter note:
Enter note:
Enter note:
Enter note:
Enter note: You shoot a sling bullet.
The sling bullet hits Sigmund.
Sigmund is lightly wounded.
The hobgoblin shouts!
You shoot a sling bullet. The sling bullet barely misses Sigmund.
Sigmund hits you but does no damage.
You shoot a sling bullet.
The sling bullet closely misses Sigmund.
You shoot a sling bullet.
The sling bullet closely misses the hobgoblin.
Sigmund hits you from afar with a +0 scythe!
The hobgoblin hits you.
You shoot a sling bullet. The sling bullet hits the hobgoblin.
The hobgoblin is heavily wounded.
Sigmund hits you from afar with a +0 scythe!
The hobgoblin barely misses you.
You shoot a sling bullet. The sling bullet hits the hobgoblin.
You kill the hobgoblin!
Sigmund hits you from afar with a +0 scythe!
You die...

##.#........# #.#
#............
......####### #.#
#..........##
###)%.....#######.#
########..###
..........#.......#
#........#
.#........#.......#
#........#
<#........#.......###
#....[...#
##.##.#####.....@...#
#........# ...##.##
#...[%....#
#........#
#####..#########@...#
#........#
#..............#+###
#........#
#......#.......#
#........#
#......#.......#
#......#####.###
#......# #...
#......# ###.#
#......# ..> ########
##


You could see Sigmund.

Vanquished Creatures
  An adder (D:2)
  A worm (D:2)
  4 ball pythons
  5 bats
  3 endoplasms
  2 giant cockroaches
  2 goblins
  4 hobgoblins
  4 kobolds
  4 quokkas
  A frilled lizard (D:2)
  3 rats
34 creatures vanquished.

Notes
Turn   | Place    | Note
-------+----------+-------------------------------------------
     0 | D:1      | qw the Minotaur Hexslinger began the quest for the Orb.
     0 | D:1      | Reached XP level 1. HP: 16/16 MP: 1/1
     0 | D:1      | 0 ||| qw: Version: 0.3-a-40-ge99b1a8
     0 | D:1      | 0 ||| qw: Game counter: 7976
     0 | D:1      | 0 ||| qw: Melee chars always use a shield: true
     0 | D:1      | 0 ||| qw: God list: Okawaru
     0 | D:1      | 0 ||| qw: Allow faded altars: false
     0 | D:1      | 0 ||| qw: Do Orc after clearing Dungeon:15 true
     0 | D:1      | 0 ||| qw: Do second Lair branch before Depths: true
     0 | D:1      | 0 ||| qw: Lair rune preference: random
     0 | D:1      | 0 ||| qw: Goals: Normal
     0 | D:1      | 0 ||| PLANNING D:1-11
    96 | D:1      | Reached skill level 3 in Ranged Weapons
    96 | D:1      | Reached XP level 2. HP: 23/23 MP: 2/2
   486 | D:1      | 486 ||| UPGRADING to +0 leather armour.
   496 | D:1      | 496 ||| DROPPING +0 robe.
   497 | D:1      | 497 ||| DROPPING ring of wizardry.
   498 | D:1      | 498 ||| READING 2 scrolls labelled GAASTR YBBIODGH.
   499 | D:1      | 499 ||| READING 3 scrolls labelled HEAHEL NEKKODU.
   500 | D:1      | 500 ||| READING scroll labelled SOTROU MANG.
   501 | D:1      | 501 ||| DROPPING scroll of noise.
   502 | D:1      | 502 ||| DROPPING scroll of poison.
   503 | D:1      | 503 ||| DROPPING 2 scrolls of blinking.
   582 | D:2      | Reached XP level 3. HP: 29/29 MP: 3/3
   708 | D:2      | Reached skill level 4 in Ranged Weapons
   851 | D:2      | Noticed Sigmund
   857 | D:2      | Slain by Sigmund

Levels and vault maps discovered:
D:1:      mrwooster_arrival_statue, layout_basic
D:2:      layout_basic, uniq_natasha, uniq_sigmund

Skill      XL: |  1  2  3 |
---------------+----------+-----
Ranged Weapons | 3 4 |  4.1
Fighting       | 2 |  2.0
Dodging        | |  2.1
Spellcasting   | |  1.0
Hexes          | |  2.0

Action                     || total
---------------------------++-------
   Fire: Sling             ||    80
    Use: Scroll            ||     3
 Armour: Robe              ||     2
         Leather armour    ||     5
  Dodge: Dodged            ||    13

Table legend:
 A = Non-vault XP
 B = Vault XP
 C = Vault XP percentage of total XP
 D = Non-vault monster count
 E = Vault monster count
 F = Vault count percentage of total count
                 A         B        C        D         E       F
            +---------+---------+-------+---------+---------+-------
      Total |      72 |       0 |   0.0 |      34 |       0 |   0.0
            +---------+---------+-------+---------+---------+-------
        D:1 |      29 |       0 |   0.0 |      17 |       0 |   0.0
        D:2 |      43 |       0 |   0.0 |      17 |       0 |   0.0
            +---------+---------+-------+---------+---------+-------
